 Dungeon Crawl Stone Soup version 0.31-a0-408-gb642c7f9a3 (webtiles) character file.

Game seed: 6911811445183936385

20 holysushi the Cutter (level 2, -1/16 HPs)
             Began as a Spriggan Monk on July 29, 2023.
             Slain by a gnoll
             ... wielding a +0 halberd
              (9 damage)
             ... on level 2 of the Dungeon.
             The game lasted 00:01:12 (373 turns).

holysushi the Cutter (Spriggan Monk)                 Turns: 373, Time: 00:01:12

Health: -1/16      AC:  2    Str:  7    XL:     2   Next: 58%
Magic:  3/3        EV: 18    Int: 11    God:
Gold:   0          SH:  0    Dex: 17    Spells: 1/1 levels left

rFire   . . .        a - +0 short sword
rCold   . . .        d - orb {light}
rNeg    . . .        b - +0 robe
rPois   .            (helmet restricted)
rElec   .            (no cloak)
rCorr   .            (gloves unavailable)
SInv    +            (boots unavailable)
Will    .....        (no amulet)
Stlth   +            (no ring)
HPRegen 0.22/turn    (no ring)
MPRegen 0.08/turn

%: no passive effects
@: about to teleport, glowing, very quick
A: very small, no large weapons, unfitting armour, see invisible, speed 3
a: no special abilities


You were on level 2 of the Dungeon.
You visited 1 branch of the dungeon, and saw 2 of its levels.

Inventory:

Hand Weapons
 a - a +0 short sword (weapon)
Armour
 b - a +0 robe (worn)
 d - an orb of light (worn)
Potions
 c - a potion of ambrosia
 f - a potion of lignification {unknown}


   Skills:
 - Level 2.4 Fighting
 + Level 4.4 Short Blades
 - Level 4.0 Dodging


You had one spell level left.
You didn't know any spells.
Your spell library contained the following spells:

 Spells                   Type           Power      Damage    Failure   Level
 Inner Flame              Hex/Fire       0%         N/A       71%         3
 Flame Wave               Conj/Fire      0%         2d4       98%         4
 Sticky Flame             Conj/Fire      0%         2d3       98%         4


Dungeon Overview and Level Annotations

Branches:
Dungeon (2/15) Zot: 11732

Altars:


Innate Abilities, Weirdness & Mutations

You are very small and have problems with some larger weapons.
You are too small for most types of armour.
You have supernaturally acute eyesight. (SInv)
You cover ground extremely quickly. (Speed+++)


Message History

The goblin closely misses you.
You hit the goblin.
You kill the goblin!
Things that are here:
a +0 dagger; a goblin corpse You barely miss the hobgoblin.
The hobgoblin completely misses you.
You hit the hobgoblin.
The hobgoblin is heavily wounded.
The hobgoblin barely misses you.
You barely miss the hobgoblin.
The hobgoblin is heavily wounded.
The hobgoblin misses you.
You hit the hobgoblin.
The hobgoblin is almost dead.
The hobgoblin misses you. The gnoll barely misses you.
You hit the hobgoblin.
You kill the hobgoblin!
The gnoll throws a throwing net.
The throwing net hits you.
You become entangled in the net!
You see here a throwing net.
You struggle against the net.
You struggle against the net.
You rip the net and break free!
Things that are here:
a +0 dagger; a goblin corpse An adder comes into view.
The adder hisses angrily.
A bat comes into view.
A scorpion comes into view.
You hit the scorpion but do no damage. The scorpion completely misses you.
You barely miss the scorpion. The scorpion stings you.
You hit the scorpion but do no damage. The scorpion stings you.
The gnoll misses you.
As you read the scroll labelled ZURIOR OHALEDO, it crumbles to dust.
You feel strangely unstable.
It was a scroll of teleportation.
The gnoll completely misses you. The scorpion closely misses you.
The gnoll hits you from afar with a +0 halberd!
Ouch! That really hurt!
You die...

#### ...# #.
##.########.##
#######.#
##...........#
#.......#
##.######....
#.#######
..S.......... #.#
##.###.###..# #.#
#......?...######.#
##.###......Sgg.@s.#
...# #####.g########
##.#######..#
#.g........#
##########.# ....
....# ....# #.#...


You could see a scorpion, 3 gnolls and an adder.

Vanquished Creatures
  3 bats
  3 hobgoblins
  5 jackals
  2 kobolds
  3 goblins
  2 rats
18 creatures vanquished.

Notes
Turn   | Place    | Note
-------+----------+-------------------------------------------
     0 | D:1      | holysushi the Spriggan Monk began the quest for the Orb.
     0 | D:1      | Reached XP level 1. HP: 11/11 MP: 2/2
   143 | D:1      | Reached XP level 2. HP: 7/16 MP: 3/3
   360 | D:2      | Noticed a scorpion
   373 | D:2      | Slain by a gnoll

Illustrated notes

Levels and vault maps discovered:
D:1:      dpeg_arrival_subterranean_lakeside_camping, layout_rooms
D:2:      layout_loops_corners, roderic_filled_cross

Skill      XL: |  1 |
---------------+----+-----
Short Blades   | 4 |  4.4
Fighting       | |  2.4
Dodging        | |  4.0

Action                     || total
---------------------------++-------
  Melee: Short sword       ||    69
    Use: Scroll            ||     1
 Armour: Robe              ||     8
  Dodge: Dodged            ||    61

Table legend: (Time is in decaauts)
 A = Elapsed time spent in this place.
 B = Non-inter-level travel time spent in this place.
 C = Inter-level travel time spent in this place.
 D = Time resting spent in this place.
 E = Time spent auto-exploring this place.
 F = Levels seen in this place.
 G = Mean time per level.
                   A        B        C        D        E       F      G
               +--------+--------+--------+--------+--------+-----+--------+
         Total |    266 |    266 |      0 |     35 |     59 |   2 |  133.0 |
       Dungeon |    266 |    266 |      0 |     35 |     59 |   2 |  133.0 |
               +--------+--------+--------+--------+--------+-----+--------+

Top non-repeatable levels by time:
     D:2: 133 daAuts
     D:1: 132 daAuts
